 Dungeon Crawl Stone Soup version 0.29-a0-721-g7f417c9bbb (webtiles) character file.

Game seed: 3679763333893728856

27086 zeratav the Marksspriggan (level 13, -8/68 HPs)
             Began as a Spriggan Hunter on June 27, 2022.
             Was an Elder of Dithmenos.
             Mangled by a komodo dragon (21 damage)
             ... on level 1 of the Lair of Beasts.
             The game lasted 00:28:05 (14777 turns).

zeratav the Marksspriggan (Spriggan Hunter)        Turns: 14777, Time: 00:28:05

Health: -8/68      AC:  7    Str:  7    XL:     13   Next: 2%
Magic:  14/14      EV: 28    Int: 10    God:    Dithmenos [****..]
Gold:   705        SH:  0    Dex: 30    Spells: 12/12 levels left

rFire   + . .      SeeInvis +   D - +2 arbalest {crossbow}
rCold   + . .      Faith    .   (shield currently unavailable)
rNeg    . . .      Spirit   .   t - +1 troll leather armour
rPois   .          Reflect  .   M - +2 hat
rElec   .          Harm     .   q - scarf {rC+ rF+}
rCorr   .          Rampage  .   (gloves unavailable)
Will    ++...                   (boots unavailable)
Stlth   ++++++++..              (no amulet)
HPRegen 1.01/turn               z - +6 ring of dexterity
MPRegen 0.14/turn               C - +4 ring of slaying

@: wreathed by umbra, very quick
A: very small, no large weapons, unfitting armour, see invisible, speed 3
a: Renounce Religion, Shadow Step


You were on level 1 of the Lair of Beasts.
You worshipped Dithmenos.
Dithmenos was greatly pleased with you.
You visited 3 branches of the dungeon, and saw 15 of its levels.
You also visited: Bailey.

You collected 744 gold pieces.
You spent 39 gold pieces at shops.


Innate Abilities, Weirdness & Mutations

You are very small and have problems with some larger weapons.
You are too small for most types of armour.
You have supernaturally acute eyesight. (SInv)
You cover ground extremely quickly. (Speed+++)


   Skills:
 - Level 8.0 Fighting
 - Level 18.0 Ranged Weapons
 + Level 1.8 Armour
 - Level 10.0 Dodging
 - Level 10.0 Stealth
 + Level 9.2 Hexes
 - Level 8.0 Translocations


You had 12 spell levels left.
You didn't know any spells.
Your spell library contained the following spells:

 Spells                   Type           Power      Damage    Failure   Level
 Portal Projectile        Hex/Tloc       34%        N/A       4%          3
 Gell's Gravitas          Tloc           16%        N/A       6%          3
 Lesser Beckoning         Tloc           16%        N/A       6%          3
 Teleport Other           Tloc           16%        N/A       6%          3
 Beastly Appendage        Tmut           0%         N/A       50%         1
 Wereblood                Tmut           0%         N/A       63%         2
 Leda's Liquefaction      Hex/Erth       4%         N/A       63%         4
 Call Canine Familiar     Summ           0%         N/A       86%         3
 Spider Form              Tmut/Pois      0%         N/A       86%         3
 Lee's Rapid Deconstruct  Erth           0%         3d5*      100%        5
 Statue Form              Tmut/Erth      0%         N/A       100%        6

Inventory:

Hand Weapons
 m - a +0 demon whip of venom {mace}
   (You took it off Amaemon on level 12 of the Dungeon)
 D - a +2 arbalest (weapon) {crossbow}
   (You found it on level 7 of the Dungeon)
 F - the +12 rapier of Qypumne {venom, Dex+3, short}
   (You found it on level 7 of the Dungeon)

   It poisons the flesh of those it strikes.
   Dex:       It affects your dexterity (+3).
 G - a +0 shortbow of freezing {bow}
   (You took it off a centaur on level 12 of the Dungeon)
Armour
 a - a +2 robe of cold resistance
   (You took it off a gnoll shaman on level 9 of the Dungeon)
 q - a scarf of resistance (worn)
   (You found it on level 4 of the Dungeon)
 t - a +1 troll leather armour (worn)
   (You found it on level 13 of the Dungeon)
 y - an orb of guile
   (You found it on level 6 of the Dungeon)
 J - +0 swamp dragon scales
   (You took it off Maggie on level 8 of the Dungeon)
 M - a +2 hat (worn)
   (You found it on level 11 of the Dungeon)
Jewellery
 d - a ring of fire
   (You found it on level 11 of the Dungeon)
 f - a +6 ring of strength
   (You found it on level 10 of the Dungeon)
 h - an amulet of faith {!P}
   (You found it on level 8 of the Dungeon)
 z - a +6 ring of dexterity (left hand)
   (You found it on level 10 of the Dungeon)
 B - a +4 ring of evasion
   (You found it on level 7 of the Dungeon)
 C - a +4 ring of slaying (right hand)
   (You found it on level 7 of the Dungeon)
 H - a ring of protection from fire
   (You found it in a bailey)
Wands
 l - a wand of flame (66)
   (You found it on level 3 of the Dungeon)
 I - a wand of digging (6)
   (You found it on level 12 of the Dungeon)
 P - a wand of polymorph (1)
   (You found it on level 11 of the Dungeon)
 S - a wand of mindburst (6)
   (You found it on level 13 of the Dungeon)
Scrolls
 b - a scroll of immolation {!r!r}
 i - a scroll of blinking {!r}
 n - 6 scrolls of teleportation {@r4}
 o - a scroll of brand weapon
 r - a scroll of silence {!r}
 s - 2 scrolls of amnesia
 u - a scroll of vulnerability {!r!r}
 Q - a scroll of fog {unknown}
 T - a scroll of fear
Potions
 c - a potion of invisibility
 e - a potion of ambrosia
 g - 2 potions of curing {@q1}
 j - 4 potions of heal wounds {@q2}
 k - a potion of flight
 p - a potion of mutation {unknown}
 v - a potion of might {unknown}
 w - a potion of attraction {unknown}
 x - 3 potions of brilliance
 A - 2 potions of lignification {!q}
 E - a potion of haste {unknown}
 L - 2 potions of magic {unknown}
 O - a potion of degeneration {unknown}
Miscellaneous
 K - a lightning rod (4/4)
   (You found it on level 12 of the Dungeon)
 R - a condenser vane
   (You found it on level 13 of the Dungeon)

Dungeon Overview and Level Annotations

Branches:
Dungeon (13/15) Zot: 26233  Temple (1/1) D:7 Zot: 5831    Lair (1/6) D:11 Zot: 5984
    Orc (0/2) D:10         Bailey (visited)
 Vaults: D:13-14

Altars:
Ashenzari
Cheibriados
Dithmenos
Elyvilon
Fedhas
Gozag
Hepliaklqana
Kikubaaqudgha
Makhleb
Nemelex Xobeh
Okawaru
Qazlal
Ru
Sif Muna
Trog
Uskayaw
Vehumet
Wu Jian
Xom
Yredelemnul
Zin
The Shining One

Shops:
D:8 *([

Annotations:
D:3 1 runed translucent door, Crazy Yiuf
D:4 Ijyb
D:10 exclusion: downstairs
D:11 2 transporters, Mels's ghost, journeyman VSBe

#>.... ##....#
###.$...#
.......!#
........#
........#
........#######..
.......<.@.......
........l........
....##.##.##.###.
... ## ### # .


You could see a komodo dragon.


Message History

You shoot a bolt. The bolt hits the black mamba!
The black mamba misses you. The black mamba bites you.
You are poisoned.
The black mamba poisons you!
The basilisk bites you but does no damage.
HP[-2]
You take 2 damage, and now have 66/68 hp.
You shoot a bolt. The bolt misses the black mamba.
You feel very sick. The black mamba bites you!
You are more poisoned.
The black mamba poisons you! The black mamba completely misses you.
The komodo dragon completely misses you.
The basilisk completely misses you.
HP[-14]
You take 14 damage, and now have 52/68 hp.
MASSIVE DAMAGE!! (PAUSE)
The black mamba attacks as you move away!
The black mamba bites you!
You feel very sick.
HP[-17]
You take 17 damage, and now have 35/68 hp.
MASSIVE DAMAGE!! (PAUSE)
You feel very sick.
HP[-4]
You take 4 damage, and now have 31/68 hp.
Fire: D) +2 arbalest {crossbow}
Press: ? - help, Q - select action, (/) - cycle Shift-Dir - straight line, f/p - black mamba
Aim: a black mamba (severely wounded, umbra, 68% to hit)
You shoot a bolt. The bolt hits the black mamba!
You feel extremely sick. The black mamba misses you.
The black mamba completely misses you.
HP[-6]
You take 6 damage, and now have 25/68 hp.
Fire: D) +2 arbalest {crossbow}
Press: ? - help, Q - select action, (/) - cycle Shift-Dir - straight line, f/p - black mamba
Aim: a black mamba (almost dead, umbra, 68% to hit)
You shoot a bolt. The bolt hits the black mamba!
You kill the black mamba!
Dithmenos accepts your kill.
You feel extremely sick.
The komodo dragon completely misses you.
HP[-6]
You take 6 damage, and now have 19/68 hp.
Fire: D) +2 arbalest {crossbow}
Press: ? - help, Q - select action, (/) - cycle Shift-Dir - straight line, f - basilisk
Aim: a basilisk (umbra, 74% to hit)
You shoot a bolt. The bolt barely misses the basilisk.
You feel very sick.
The komodo dragon completely misses you.
The basilisk completely misses you.
HP[-3]
You take 3 damage, and now have 16/68 hp.
Fire: D) +2 arbalest {crossbow}
Press: ? - help, Q - select action, (/) - cycle Shift-Dir - straight line, p - basilisk You can't see that place. [a rock wall.]
Okay, then.
You feel better. The komodo dragon closely misses you.
The basilisk gazes at you. You resist with almost no effort.
HP[+6]
You regained 6 hp, and now have 22/68 hp.
Fire: D) +2 arbalest {crossbow}
Press: ? - help, Q - select action, (/) - cycle Shift-Dir - straight line, f/p - basilisk
Aim: a basilisk (umbra, 74% to hit)
You shoot a bolt. The bolt hits the basilisk.
The komodo dragon completely misses you.
The basilisk bites you!
* * * LOW HITPOINT WARNING * * *
HP[-13]
You take 13 damage, and now have 9/68 hp.
Fire: D) +2 arbalest {crossbow}
Press: ? - help, Q - select action, (/) - cycle Shift-Dir - straight line, f/p - basilisk
Aim: a basilisk (lightly wounded, umbra, 74% to hit)
You shoot a bolt. The bolt hits the basilisk!!!
You kill the basilisk!
Dithmenos accepts your kill.
The komodo dragon completely misses you.
HP[+1] Fire: D) +2 arbalest {crossbow}
Press: ? - help, Q - select action, (/) - cycle Shift-Dir - straight line, f - komodo dragon
Aim: a komodo dragon (umbra, 81% to hit)
You shoot a bolt. The bolt hits the komodo dragon!!
The komodo dragon misses you.
HP[+1] Fire: D) +2 arbalest {crossbow}
Press: ? - help, Q - select action, (/) - cycle Shift-Dir - straight line, f/p - komodo dragon
Aim: a komodo dragon (heavily wounded, umbra, 81% to hit)
You shoot a bolt.
The bolt barely misses the komodo dragon.
The komodo dragon completely misses you.
HP[+1] Fire: D) +2 arbalest {crossbow}
Press: ? - help, Q - select action, (/) - cycle Shift-Dir - straight line, f/p - komodo dragon
Aim: a komodo dragon (heavily wounded, umbra, 81% to hit)
You shoot a bolt.
The bolt barely misses the komodo dragon.
The komodo dragon bites you!!
You die...

Skill      XL: |  1  2  3  4  5  6  7  8  9 10 11 12 |
---------------+-------------------------------------+-----
Ranged Weapons | 5 6 7 9 10 11 14 17 18 | 18.0
Stealth        | 3 5 6 10 | 10.0
Dodging        | 10 | 10.0
Fighting       | 8 |  8.0
Hexes          | 2 9 |  9.2
Translocations | 3 8 |  8.0
Armour         | 1 |  1.8

Action                   |  1- 3 |  4- 6 |  7- 9 | 10-12 | 13-15 || total
-------------------------+-------+-------+-------+-------+-------++-------
Melee: Unarmed           |       |       |     7 |       |       ||     7
 Fire: Shortbow          |    83 |   126 |   206 |       |       ||   415
       Arbalest          |       |       |    78 |   474 |    12 ||   564
  Use: Scroll            |       |     1 |     6 |     8 |     2 ||    17
       Potion            |       |       |     3 |     1 |     1 ||     5
Armor: Robe              |     1 |     1 |     8 |     4 |       ||    14
       Skin              |       |       |    11 |       |       ||    11
       Troll leather arm |       |       |       |     1 |     1 ||     2
Dodge: Dodged            |    13 |    47 |   107 |   179 |    16 ||   362

Levels and vault maps discovered:
D:1:      beargit_arrival_greenhouse, layout_loops_ring, serial_bayou_lagoon_b
D:2:      layout_loops_ring, shapermc_ecumenical_altar_hornbeckon, basic_altar
D:3:      layout_basic, mainiacjoe_overflow_catwalk, uniq_crazy_yiuf_cottage,
          uniq_sigmund
D:4:      layout_gridville, cheibrodos_worm_habitat, uniq_ijyb
D:5:      layout_basic
D:6:      layout_basic, minmay_increasing_density
D:7:      wander_river, layout_basic, temple_doors_ab, nicolae_benzene_ring,
          minivault_24
D:8:      layout_basic, general_overflow_altar, lemuel_doored_altar,
          nzn_hepliaklqana_mist_gate, serial_shops, nicolae_shop_behind_doors,
          nicolae_stop_n_shop_1, nicolae_lakefront_shop, minmay_misc_feat_doors,
          uniq_grum, uniq_joseph, uniq_gastronok, uniq_maggie
D:9:      layout_basic, lemuel_crystal_altar, enter_bailey_3,
          hangedman_abyss_or_decor_stagger
D:10:     layout_rooms, mainiacjoe_overflow_boulevard, grunt_gozag_breadcrumbs
D:11:     cheibrodos_wizards_tower, layout_cave_pods,
          due_lair_maze_entry_diamond, gammafunk_ghost_smash,
          nicolae_qazlal_style_of_elements, uniq_amaemon, uniq_nergalle
D:12:     layout_basic, minivault_13
D:13:     layout_basic, kennysheep_generic_room_9
Temple:   dpeg_chambers_temple
Lair:1:   layout_chaotic_city, basic_altar, portal_ice_cave_entry_pillars_2,
          lemuel_fruit_fields

Notes
Turn   | Place    | Note
-------+----------+-------------------------------------------
     0 | D:1      | zeratav the Spriggan Hunter began the quest for the Orb.
     0 | D:1      | Reached XP level 1. HP: 10/10 MP: 2/2
     0 | D:1      | magus.rc [v1.9.6]
    91 | D:1      | Reached skill level 5 in Ranged Weapons
   185 | D:1      | Reached XP level 2. HP: 14/14 MP: 3/3
   499 | D:1      | Reached skill level 6 in Ranged Weapons
   514 | D:1      | Reached XP level 3. HP: 18/18 MP: 4/4
   938 | D:2      | Found a glowing golden altar of the Shining One.
   970 | D:2      | You pick up a book of Displacement and begin reading...
   970 | D:2      | You add the spells Lesser Beckoning, Gell's Gravitas and
                  | Teleport Other to your library.
  1221 | D:2      | Found a faded altar of an unknown god.
  1510 | D:2      | Reached skill level 7 in Ranged Weapons
  1510 | D:2      | Reached XP level 4. HP: 22/22 MP: 5/5
  1852 | D:3      | Reached XP level 5. HP: 25/25 MP: 6/6
  2109 | D:3      | Noticed Sigmund
  2132 | D:3      | Killed Sigmund
  2133 | D:3      | Reached skill level 9 in Ranged Weapons
  2133 | D:3      | Reached XP level 6. HP: 30/30 MP: 7/7
  2395 | D:3      | Found a runed translucent door.
  2396 | D:3      | Noticed Crazy Yiuf
  2454 | D:3      | Found a hide-covered altar of Uskayaw.
  2908 | D:4      | You pick up a book of Changes and begin reading...
  2908 | D:4      | You add the spells Beastly Appendage, Wereblood and Spider
                  | Form to your library.
  3107 | D:4      | Noticed Ijyb
  3115 | D:4      | HP: 7/30 [Ijyb/bolt of acid (23)]
  3532 | D:4      | Found a snail-covered altar of Cheibriados.
  3619 | D:5      | Entered Level 5 of the Dungeon
  3625 | D:5      | Reached skill level 10 in Ranged Weapons
  3625 | D:5      | Reached skill level 3 in Stealth
  3625 | D:5      | Reached XP level 7. HP: 33/33 MP: 8/8
  3815 | D:5      | Reached skill level 4 in Stealth
  3967 | D:5      | Reached skill level 5 in Stealth
  4562 | D:6      | Reached skill level 11 in Ranged Weapons
  4736 | D:6      | Reached XP level 8. HP: 31/37 MP: 9/9
  4822 | D:6      | Noticed a kobold demonologist
  4894 | D:5      | Killed a kobold demonologist
  4895 | D:5      | Reached skill level 12 in Ranged Weapons
  5253 | D:6      | Reached skill level 13 in Ranged Weapons
  5586 | D:7      | You pick up a book of Displacement and begin reading...
  5609 | D:7      | Noticed a two-headed ogre
  5666 | D:7      | Killed a two-headed ogre
  5667 | D:7      | Reached skill level 14 in Ranged Weapons
  5667 | D:7      | Reached XP level 9. HP: 41/41 MP: 10/10
  6092 | D:7      | Reached skill level 15 in Ranged Weapons
  6110 | D:7      | Identified the +12 rapier of Qypumne {venom, Dex+3}
  6236 | D:7      | Found a staircase to the Ecumenical Temple.
  6241 | Temple   | Entered the Ecumenical Temple
  6506 | Temple   | Became a worshipper of Dithmenos the Shadowed
  6937 | D:8      | Found Otekih's General Store.
  7197 | D:7      | HP: 8/41 [killer bee (5)]
  7198 | D:7      | HP: 3/41 [killer bee (4)]
  7204 | D:7      | HP: 4/91 [poisoned by a killer bee]
  7604 | D:8      | Bought a potion of curing for 39 gold pieces
  7618 | D:8      | Reached skill level 16 in Ranged Weapons
  7751 | D:8      | Found Xyxuudin's Antique Weapon Boutique.
  7804 | D:8      | Noticed Joseph
  7810 | D:8      | Killed Joseph
  7890 | D:8      | Noticed Gastronok
  8240 | D:8      | Reached skill level 17 in Ranged Weapons
  8240 | D:8      | Reached XP level 10. HP: 46/46 MP: 11/11
  8243 | D:8      | Found a broken altar of Ashenzari.
  8268 | D:8      | Found Soss's Armour Shoppe.
  8279 | D:8      | Noticed Grum
  8287 | D:8      | Killed Grum
  8287 | D:8      | Noticed Maggie
  8312 | D:8      | HP: 11/46 [wolf[Grum] (11)]
  8320 | D:8      | HP: 11/46 [wolf[Grum] (1)]
  8598 | D:8      | Killed Maggie
  8765 | D:8      | Found an iron altar of Okawaru.
  8788 | D:8      | You pick up a book of the Hunter and begin reading...
  8788 | D:8      | You add the spells Call Canine Familiar, Portal Projectile
                  | and Leda's Liquefaction to your library.
  8809 | D:8      | Found a hazy altar of Hepliaklqana.
  8930 | D:9      | Reached * piety under Dithmenos
  9190 | D:9      | Reached skill level 18 in Ranged Weapons
  9209 | D:9      | Reached skill level 3 in Dodging
  9381 | D:9      | Found a bloodstained altar of Trog.
  9429 | D:9      | Found a flagged portal.
  9441 | Bailey   | Entered a bailey
  9503 | Bailey   | Reached ** piety under Dithmenos
  9535 | Bailey   | Reached skill level 4 in Dodging
  9570 | Bailey   | Reached skill level 5 in Dodging
  9655 | Bailey   | Noticed a gargoyle
  9657 | Bailey   | Killed a gargoyle
  9658 | Bailey   | Reached skill level 6 in Dodging
  9714 | Bailey   | Reached skill level 7 in Dodging
  9727 | Bailey   | Identified the +6 mace of Qijij {distort, rCorr MP+9
                  | Stlth+}
 10158 | D:10     | Entered Level 10 of the Dungeon
 10191 | D:10     | Found a staircase to the Orcish Mines.
 10219 | D:10     | Found an opulent altar of Gozag.
 10389 | D:10     | You fall into a shaft and drop 2 floors!
 10390 | D:12     | Noticed a gargoyle
 10391 | D:12     | Killed a gargoyle
 10392 | D:12     | Reached skill level 8 in Dodging
 10428 | D:11     | Noticed Nergalle
 10444 | D:12     | Reached skill level 9 in Dodging
 10525 | D:12     | Noticed a gargoyle
 10529 | D:12     | Killed a gargoyle
 10530 | D:12     | Reached skill level 10 in Dodging
 10530 | D:12     | Reached XP level 11. HP: 47/50 MP: 12/12
 10602 | D:12     | Reached skill level 2 in Fighting
 10611 | D:12     | Reached *** piety under Dithmenos
 10612 | D:12     | Reached skill level 3 in Fighting
 10664 | D:12     | Noticed a boulder beetle
 10671 | D:12     | Killed a boulder beetle
 10672 | D:12     | Reached skill level 4 in Fighting
 10773 | D:11     | Noticed Amaemon
 10778 | D:11     | Noticed a deep elf annihilator
 10792 | D:12     | Killed Amaemon
 10839 | D:12     | Reached skill level 5 in Fighting
 11042 | D:12     | Found a runed translucent door.
 11192 | D:12     | Noticed a brown ugly thing
 11198 | D:12     | Killed a brown ugly thing
 11205 | D:12     | Noticed an ettin
 11227 | D:12     | Killed an ettin
 11228 | D:12     | Reached skill level 6 in Fighting
 11283 | D:12     | Noticed an ettin
 11291 | D:12     | Killed an ettin
 11292 | D:12     | Reached skill level 7 in Fighting
 11309 | D:12     | Noticed a shock serpent
 11312 | D:12     | Noticed a swamp dragon
 11312 | D:12     | a shock serpent changed into a swamp dragon
 11332 | D:12     | HP: 10/58 [poisoned by a swamp dragon (poison gas)]
 11334 | D:12     | a swamp dragon changed into a water nymph
 11937 | D:12     | Killed Nergalle
 12029 | D:11     | Reached skill level 8 in Fighting
 12089 | D:11     | Reached skill level 1 in Hexes
 12089 | D:11     | Reached skill level 1 in Translocations
 12357 | D:10     | Found a white marble altar of Elyvilon.
 12363 | D:10     | Noticed a two-headed ogre
 12366 | D:10     | Killed a two-headed ogre
 12367 | D:10     | Reached skill level 6 in Stealth
 12367 | D:10     | Reached skill level 2 in Hexes
 12367 | D:10     | Reached skill level 2 in Translocations
 12455 | D:10     | Noticed a two-headed ogre
 12460 | D:10     | Killed a two-headed ogre
 12461 | D:10     | Reached skill level 3 in Translocations
 12461 | D:10     | Reached XP level 12. HP: 64/64 MP: 13/13
 12589 | D:11     | Found a staircase to the Lair.
 12608 | D:11     | Reached skill level 3 in Hexes
 12648 | D:11     | Reached skill level 4 in Translocations
 12812 | D:11     | Reached skill level 7 in Stealth
 13257 | D:11     | Reached skill level 4 in Hexes
 13257 | D:11     | Reached skill level 5 in Translocations
 13257 | D:11     | Noticed a six-headed hydra
 13283 | D:11     | Killed a six-headed hydra
 13284 | D:11     | Reached skill level 8 in Stealth
 13296 | D:11     | Reached **** piety under Dithmenos
 13306 | D:11     | Reached skill level 5 in Hexes
 13329 | D:11     | Found a transporter.
 13330 | D:11     | Found a transporter.
 13331 | D:11     | Noticed a two-headed ogre
 13331 | D:11     | Noticed Mels's ghost (journeyman VSBe)
 13332 | D:11     | Noticed a two-headed ogre
 13333 | D:11     | Noticed a two-headed ogre
 13333 | D:11     | Noticed a two-headed ogre
 13383 | D:11     | Found a stormy altar of Qazlal.
 13393 | D:11     | Reached skill level 6 in Translocations
 13598 | D:13     | Reached skill level 9 in Stealth
 13799 | D:13     | Noticed a death knight
 13802 | D:13     | Killed a death knight
 13803 | D:13     | Reached skill level 7 in Translocations
 13806 | D:13     | Reached skill level 6 in Hexes
 13822 | D:13     | Noticed a centaur warrior
 13825 | D:13     | Killed a centaur warrior
 13854 | D:13     | Noticed a two-headed ogre
 13884 | D:13     | Killed a two-headed ogre
 13885 | D:13     | Reached skill level 10 in Stealth
 13920 | D:13     | Reached skill level 7 in Hexes
 13920 | D:13     | Reached skill level 8 in Translocations
 13957 | D:13     | Reached skill level 8 in Hexes
 14393 | D:13     | You pick up a book of the Earth and begin reading...
 14393 | D:13     | You add the spells Lee's Rapid Deconstruction and Statue
                  | Form to your library.
 14628 | D:8      | Killed Gastronok
 14629 | D:8      | Reached skill level 1 in Armour
 14629 | D:8      | Reached skill level 9 in Hexes
 14629 | D:8      | Reached XP level 13. HP: 68/68 MP: 14/14
 14762 | Lair:1   | Entered Level 1 of the Lair of Beasts
 14771 | Lair:1   | HP: 16/68 [poisoned by a black mamba]
 14777 | Lair:1   | Mangled by a komodo dragon

Vanquished Creatures
  Gastronok (D:8)
  2 ettins (D:12)
  A hydra (D:11)
  A boulder beetle (D:12)
  A centaur warrior (D:13)
  A death knight (D:13)
  4 two-headed ogres
  Amaemon (D:12)
  Nergalle (D:12)
  A wizard (D:11)
  2 ugly things
  An orc sorcerer (D:11)
  2 cyclopes (D:13)
  Joseph (D:8)
  An orange demon (D:11)
  A black mamba (Lair:1)
  5 gargoyles
  Maggie (D:8)
  A rime drake (shapeshifter) (D:12)
  A yaktaur (D:12)
  A yaktaur (shapeshifter) (D:12)
  An efreet (D:13)
  A freezing wraith (D:13)
  5 kobold demonologists
  A meliai (D:12)
  A hornet (D:8)
  4 trolls
  A slime creature (D:12)
  2 shadows
  2 vampires
  Sigmund (D:3)
  4 wraiths (D:13)
  19 yaks
  A basilisk (Lair:1)
  A steam dragon (D:7)
  Grum (D:8)
  3 water moccasins (D:11)
  5 black bears
  2 orc warriors
  2 wolves (D:8)
  A phantom (D:7)
  An ogre (D:5)
  11 centaurs
  8 bullfrogs
  3 scorpions
  3 necrophages
  A gnoll sergeant (D:7)
  A kobold brigand (D:13)
  12 killer bees
  4 electric eels
  7 vampire bats (Bailey)
  5 wolf zombies (Bailey)
  7 howler monkeys
  3 jellies
  3 hounds
  A gnoll shaman (D:9)
  3 orc priests
  3 iguanas (D:6)
  6 orc wizards
  8 gnolls
  6 adders
  A shadow imp (D:6)
  A white imp (D:6)
  A worm (D:4)
  A dart slug (D:1)
  36 orcs
  8 ball pythons
  4 bats
  6 endoplasms
  6 giant cockroaches
  3 hobgoblins
  6 jackals
  8 kobolds
  8 quokkas
  7 frilled lizards
  7 goblins
  21 orc zombies (Bailey)
  11 rats
320 creatures vanquished.

Vanquished Creatures (others)
  36 fungi (D:11)
  38 plants
74 creatures vanquished.

Grand Total: 394 creatures vanquished

Table legend:
 A = Non-vault XP
 B = Vault XP
 C = Vault XP percentage of total XP
 D = Non-vault monster count
 E = Vault monster count
 F = Vault count percentage of total count
                 A         B        C        D         E       F
            +---------+---------+-------+---------+---------+-------
      Total |   25333 |   13362 |  34.5 |     241 |      79 |  24.7
            +---------+---------+-------+---------+---------+-------
        D:1 |      44 |       0 |   0.0 |      29 |       0 |   0.0
        D:2 |     119 |       0 |   0.0 |      21 |       0 |   0.0
        D:3 |      70 |     210 |  75.0 |      16 |       1 |   5.9
        D:4 |     176 |       5 |   2.8 |      18 |       1 |   5.3
        D:5 |     492 |     344 |  41.1 |      15 |       1 |   6.2
        D:6 |     496 |     221 |  30.8 |       9 |       8 |  47.1
        D:7 |    1951 |       0 |   0.0 |      22 |       0 |   0.0
        D:8 |    1295 |    2823 |  68.6 |      12 |       6 |  33.3
        D:9 |    1020 |       8 |   0.8 |      22 |       4 |  15.4
       D:10 |    2061 |       0 |   0.0 |       6 |       0 |   0.0
       D:11 |    3929 |    2871 |  42.2 |      24 |      13 |  35.1
       D:12 |    5500 |    5050 |  47.9 |      24 |       9 |  27.3
       D:13 |    7540 |     424 |   5.3 |      21 |       1 |   4.5
     Lair:1 |     640 |       0 |   0.0 |       2 |       0 |   0.0
     Bailey |       0 |    1406 | 100.0 |       0 |      35 | 100.0
            +---------+---------+-------+---------+---------+-------

Illustrated notes

Table legend:
 A = Kills in this place as a percentage of kills in entire the game.
 B = Kills by you in this place as a percentage of kills by you in the entire game.
 C = Kills by friends in this place as a percentage of kills by friends in the entire game.
 D = Other kills in this place as a percentage of other kills in the entire game.
 E = Experience gained in this place as a percentage of experience gained in the entire game.
 F = Experience gained in this place divided by the number of levels of this place that you have seen.
                   A       B       C       D       E      F
               +-------+-------+-------+-------+-------+----------------------
         Total | 100.0 | 100.0 |   N/A |   N/A | 100.0 | 2418.4
       Dungeon |  88.4 |  88.4 |   N/A |   N/A |  94.7 | 2819.2
          Lair |   0.6 |   0.6 |   N/A |   N/A |   1.7 | 640.0
        Bailey |  10.9 |  10.9 |   N/A |   N/A |   3.6 | 1406.0
               +-------+-------+-------+-------+-------+----------------------

Table legend: (Time is in decaauts)
 A = Elapsed time spent in this place.
 B = Non-inter-level travel time spent in this place.
 C = Inter-level travel time spent in this place.
 D = Time resting spent in this place.
 E = Time spent auto-exploring this place.
 F = Levels seen in this place.
 G = Mean time per level.
                   A        B        C        D        E       F      G
               +--------+--------+--------+--------+--------+-----+--------+
         Total |  10879 |  10081 |    798 |   2579 |   5101 |  16 |  679.9 |
       Dungeon |  10424 |   9660 |    764 |   2579 |   4876 |  13 |  801.8 |
        Temple |    168 |    135 |     33 |      0 |    126 |   1 |  168.0 |
          Lair |     14 |     14 |      0 |      0 |      0 |   1 |   14.0 |
        Bailey |    271 |    271 |      0 |      0 |     98 |   1 |  271.0 |
               +--------+--------+--------+--------+--------+-----+--------+

Top non-repeatable levels by time:
     D:7: 1621 daAuts
    D:12: 1327 daAuts
     D:3: 916 daAuts
     D:8: 889 daAuts
    D:11: 849 daAuts
     D:5: 776 daAuts
     D:2: 704 daAuts
     D:9: 663 daAuts
     D:6: 636 daAuts
    D:13: 590 daAuts
     D:1: 560 daAuts
     D:4: 454 daAuts
    D:10: 434 daAuts
  Bailey: 271 daAuts
  Temple: 168 daAuts
